 Dungeon Crawl Stone Soup version 0.19-a0-749-g66ae36b (webtiles) character file.

40 Implojin the Ruffian (level 3, -1/36 HPs)
             Began as a Troll Fighter on June 24, 2016.
             Slain by an adder (3 damage)
             ... on level 2 of the Dungeon.
             The game lasted 00:01:28 (274 turns).

Implojin the Ruffian (Troll Fighter)                 Turns: 274, Time: 00:01:28

Health: -1/36      AC:  5    Str: 29    XL:     3   Next: 30%
Magic:  2/2        EV:  8    Int:  4    God:
Gold:   18         SH:  9    Dex: 10    Spells: 0 memorised, 2 levels left

rFire  . . .     SeeInvis .       - Unarmed
rCold  . . .     Gourm    +     a - +0 robe
rNeg   . . .     Faith    .     b - +0 shield
rPois  .         Spirit   .     (helmet restricted)
rElec  .         Dismiss  .     (no cloak)
rCorr  .         Reflect  .     (gloves unavailable)
SustAt .         Harm     .     (boots unavailable)
MR     .....                    (no amulet)
Stlth  +.........               (no ring)
                                (no ring)

@: mighty, lethally poisoned (-1 -> -1), not resistant to hostile enchantments,
very unstealthy
A: unfitting armour, claws 3, fast metabolism 3, gourmand, regeneration 2,
shaggy fur 1, tough skin 2
a: no special abilities


You were on level 2 of the Dungeon.
You were completely stuffed.

You visited 1 branch of the dungeon, and saw 3 of its levels.

You collected 18 gold pieces.

Inventory:

Armour
 a - a +0 robe (worn)
 b - a +0 shield (worn)
Jewellery
 k - an uncursed ring of magical power {unknown}
Scrolls
 e - a scroll of fear {unknown}
 f - a scroll of identify {unknown}
 i - a scroll of teleportation {unknown}
Comestibles
 d - 3 bread rations
 g - a meat ration
 h - 4 fruits
 j - a slice of pizza
 l - 2 chunks of flesh


   Skills:
 - Level 2.4 Fighting
 - Level 2.4 Dodging
 - Level 2.4 Shields
 * Level 3.8 Unarmed Combat


You had 2 spell levels left.
You didn't know any spells.

Dungeon Overview and Level Annotations

Branches:
Dungeon (3/15)

Altars:


Innate Abilities, Weirdness & Mutations

You are too large for most types of armour.
You have claws for hands.
Your metabolism is lightning-fast.
You like to eat raw meat.
You heal very quickly.
You are covered in fur. (AC +1)
You have very tough skin. (AC +2)


Message History

A bat, 2 adders, a rat and 4 gnolls come into view.
A gnoll is wielding a flail of holy wrath.
The gnoll shouts! x4
Found a scroll labeled HACO ZASUN and a short sword.
There is a stone staircase leading up here.
The adder bites you but does no damage. You block the gnoll's attack.
The gnoll barely misses you.
You climb upwards.
There is a stone staircase leading down here.
Unknown command.
You barely miss the gnoll. The adder bites you.
The gnoll hits you with a spear!
You scratch the gnoll.
The gnoll is moderately wounded.
The adder bites you but does no damage. The gnoll closely misses you.
You block the gnoll's attack.
You scratch the gnoll.
The gnoll is almost dead.
You block the adder's attack. The gnoll hits you with a halberd!
* * * LOW HITPOINT WARNING * * *
The adder bites you but does no damage. The gnoll hits you with a spear.
* * * LOW HITPOINT WARNING * * *
Okay, then.
You scratch the gnoll but do no damage.
The gnoll is almost dead.
The adder bites you.
* * * LOW HITPOINT WARNING * * *
You are poisoned.
The adder poisons you! The gnoll closely misses you.
The gnoll barely misses you.
You claw the gnoll!
You kill the gnoll!
You feel sick. The adder bites you.
* * * LOW HITPOINT WARNING * * *
You are more poisoned.
The adder poisons you! The gnoll hits you but does no damage.
You block the adder's attack.
You feel very mighty all of a sudden.
You feel sick. The adder bites you.
You die...

######### .
#.......### ..
#..S......# ...
+...@)# #
....####..†g.#.#...
...................
............##.....
............###....
#.......#.#..###..#
#.##...##.#...# ###
#... #.#....# ####
#......#


You could see a gnoll and an adder.

Vanquished Creatures
  A gnoll (D:2)
  An adder (D:2)
  A worm (D:2)
  A dart slug (D:2)
  A hobgoblin (D:2)
  3 jackals (D:2)
  A quokka (D:2)
  A giant newt (D:1)
  2 goblins
  5 kobolds
  A rat (D:2)
18 creatures vanquished.

Notes
Turn   | Place    | Note
--------------------------------------------------------------
     0 | D:1      | Implojin the Troll Fighter began the quest for the Orb.
     0 | D:1      | Reached XP level 1. HP: 22/22 MP: 0/0
    78 | D:2      | Reached XP level 2. HP: 23/29 MP: 1/1
    97 | D:2      | Reached skill level 3 in Unarmed Combat
   252 | D:2      | Reached XP level 3. HP: 36/36 MP: 2/2
   274 | D:2      | Slain by an adder

Vault maps used:
D:1:      dpeg_arrival_rooms_a
D:2:      first_bread, minivault_19, dk_vineyard_2
D:3:      ecumenical_altar_1

Skill      XL: |  1  2 |
---------------+-------+-----
Unarmed Combat | 3 |  3.8
Fighting       | |  2.4
Dodging        | |  2.4
Shields        | |  2.4

Action                   || total
-------------------------++-------
Melee: Unarmed           ||    39
  Use: Potion            ||     1
  Eat: Chunk             ||     8
Armor: Robe              ||    10
Dodge: Dodged            ||    16
Block: Shield            ||    19

Table legend:
 A = Turns spent in this place as a percentage of turns spent in the entire game.
 B = Non-inter-level travel turns spent in this place as a percentage of non-inter-level travel turns spent in the entire game.
 C = Inter-level travel turns spent in this place as a percentage of turns spent in this place.
 D = Turns resting spent in this place as a percentage of non-inter-level travel turns spent in this place.
 E = Turns spent auto-exploring this place as a percentage of non-inter-level travel turns spent in this place.
 F = Non-inter-level travel turns spent in this place divided by the number of levels of this place that you've seen.
                   A       B       C       D       E      F
               +-------+-------+-------+-------+-------+----------------------
         Total | 100.0 | 100.0 |   0.0 |   0.0 |   0.0 |  85.3
       Dungeon | 100.0 | 100.0 |   0.0 |   0.0 |   0.0 |  85.3
               +-------+-------+-------+-------+-------+----------------------

Table legend:
 A = Kills in this place as a percentage of kills in entire the game.
 B = Kills by you in this place as a percentage of kills by you in the entire game.
 C = Kills by friends in this place as a percentage of kills by friends in the entire game.
 D = Other kills in this place as a percentage of other kills in the entire game.
 E = Experience gained in this place as a percentage of experience gained in the entire game.
 F = Experience gained in this place divided by the number of levels of this place that you have seen.
                   A       B       C       D       E      F
               +-------+-------+-------+-------+-------+----------------------
         Total | 100.0 | 100.0 |  -nan |  -nan | 100.0 |  19.3
       Dungeon | 100.0 | 100.0 |  -nan |  -nan | 100.0 |  19.3
               +-------+-------+-------+-------+-------+----------------------
